[Event "*** Titled Tuesday 3|2 Blitz"]
[Site "Chess.com"]
[Date "2016.06.07"]
[Round "8"]
[White "Bentery"]
[Black "GMHess"]
[Result "1/2-1/2"]
[WhiteElo "2439"]
[BlackElo "2559"]
[TimeControl "180+2"]
[EndTime "12:40:23 PDT"]
[Termination "Game drawn - insufficient material"]

1. Nf3 g6 2. e4 Bg7 3. d4 d6 4. c3 e5 5. dxe5 dxe5 6. Qxd8+ Kxd8 7.
Ng5 Nh6 8. Bc4 Ke7 9. b3 c5 10. a4 f6 11. Nf3 Nf7 12. Be3 Nd7 13. a5 Nd6 14. Bd5 Rb8 15. Nfd2 h5 16. Na3 Bh6 17. Bxh6 Rxh6 18. O-O Nf8 19. Ndc4 Ne8 20. f4 exf4 21.
Rxf4 Nc7 22. Raf1 g5 23. R4f2 f5 24. Ne3 f4 25. Bc4 b5 26. axb6 axb6 27. Nd5+ Nxd5 28.
exd5 Bd7 29. Bb5 Bxb5 30. Nxb5 Kd7 31. Re1 Rf6 32. Re5 g4 33. Rxh5 Re8 34. Rg5 g3 35.
hxg3 Re1+ 36. Rf1 Rxf1+ 37. Kxf1 fxg3+ 38. Kg1 Ng6 39. Rxg3 Nf4 40. Rg7+ Kd8 41. g3 Nxd5 42. c4 Ne3 43. Nc3 Rf1+ 44. Kh2 Rf3 45. Ne4 Nc2 46.
Rb7 Re3 47. Nf6 Rxb3 48. Nd5 Na3 49. Rxb6 Rxb6 50. Nxb6 Kc7 51. Nd5+ Kd6 52. Ne3 Ke5 53. Kg2 Kd4 54. g4 Nxc4 55. Nxc4 Kxc4 56. Kf3 Kd5 57. Ke3 Ke5 58. Kd3 Kf4 59. Kc4 Kg5 60. Kxc5 Kxg4 1/2-1/2

[Event "*** Titled Tuesday 3|2 Blitz"]
[Site "Chess.com"]
[Date "2016.06.07"]
[Round "8"]
[White "silverback96"]
[Black "playerzr"]
[Result "0-1"]
[WhiteElo "2033"]
[BlackElo "2038"]
[TimeControl "180+2"]
[EndTime "12:40:43 PDT"]
[Termination "playerzr won by checkmate"]

1. Nf3 Nf6 2. g3 g6 3. Bg2 Bg7 4. O-O O-O 5. b3 d6 6. Bb2 e5 7. d4 e4 8. Nfd2 d5 9. c4 c6 10. cxd5 cxd5 11. Nc3 Nc6 12. Re1 e3 13. fxe3 Re8 14.
Nf1 h5 15. e4 Nxe4 16. Nxe4 dxe4 17. e3 Bg4 18. Qc2 Rc8 19. h3 Nxd4 20. Qf2 Nf3+ 21. Kh1 Nxe1 22. hxg4 Nxg2 23. Qxg2 hxg4 24. Nh2 Qd7 25.
Bxg7 Kxg7 26. Qb2+ f6 27. Rf1 Rc6 28. Qe2 f5 29. Rd1 Qe7 30. Qb2+ Kh7 31. Rd2 Rd8 32. Re2 Qg7 33. Qa3 a6 34. Nf1 Kg8 35. Qb4 Qf7 36. Rh2 Rc1 37. Kg1 Rdd1 38. Rf2 Qh7 39. Qb6 Qf7 40.
Qb4 b5 41. Qa5 Qb7 42. Kg2 Qc6 43. Qb4 Rc2 44. Qe7 Rxf2+ 45. Kxf2 Qc2+ 46. Kg1 Rxf1+ 47. Kxf1 Qd1+ 48. Kg2 Qe2+ 49. Kh1 Qf3+ 50. Kh2 Qf2+ 51. Kh1 Qf1+ 52. Kh2 Qh3+ 53. Kg1 Qxg3+ 54. Kf1 Qf3+ 55. Kg1 Qxe3+ 56. Kg2 Qd2+ 57. Kg3 Qd5 58. Kf4 e3 59. Kg5 Qf7 60. Qd8+ Kh7 61. Qd3 Qe7+ 62. Kf4 e2 63. b4 e1=Q 64. a4 Q1e5# 0-1

[Event "*** Titled Tuesday 3|2 Blitz"]
[Site "Chess.com"]
[Date "2016.06.07"]
[Round "8"]
[White "bugsbunny444"]
[Black "Journey_to_GrandMaster_YT"]
[Result "0-1"]
[WhiteElo "2367"]
[BlackElo "2365"]
[TimeControl "180+2"]
[EndTime "12:41:03 PDT"]
[Termination "Journey_to_GrandMaster_YT won by resignation"]

1. Nf3 d6 2. d4 Nd7 3. e4 e5 4. Nc3 Ngf6 5. g3 Be7 6. Bg2 O-O 7. O-O c6 8. a4 a5 9. h3 Re8 10. Re1 Qc7 11. Be3 Bf8 12. Nd2 g6 13. Nc4 Bg7 14.
dxe5 dxe5 15. Qd6 Qd8 16. Rad1 Bf8 17. Qd2 Qc7 18. Bg5 Nh5 19. Nd6 Bxd6 20. Qxd6 Qxd6 21. Rxd6 Ng7 22. Be3 Ne6 23. Red1 Ndc5 24. h4 h5 25. Bh3 Na6 26. Bb6 Nb4 27. R1d2 Nd4 28. Bxc8 Nf3+ 29. Kg2 Nxd2 30. Bd7 Nc4 31. Bxe8 Nxd6 32. Bd7 Nc4 33. Bc7 Nxc2 34. b3 Nd2 35. Bxe5 Nxb3 36.
Ne2 Nc5 37. Bh3 Nxa4 38. Bf6 Nc5 39. e5 a4 40. Be7 b6 41. Nd4 a3 42. Nxc2 a2 43.
Na1 Nd3 44. Bd7 Nxe5 45. Bh3 c5 46. Bf6 Nd3 47. Kf1 b5 48. Bg2 Ra6 49. Bg5 b4 50.
Bd5 Ra3 51. Be3 Rc3 52. Bxa2 Ra3 53. Bc4 Rxa1+ 54. Kg2 Ne5 55. Bd5 c4 56. Bd4 Rd1 57. Bxe5 Rxd5 58. Bf6 c3 59. Kf3 0-1

[Event "*** Titled Tuesday 3|2 Blitz"]
[Site "Chess.com"]
[Date "2016.06.07"]
[Round "8"]
[White "VMikhalevski"]
[Black "profofchess"]
[Result "1/2-1/2"]
[WhiteElo "2406"]
[BlackElo "2317"]
[TimeControl "180+2"]
[EndTime "12:41:29 PDT"]
[Termination "Game drawn by agreement"]

1. b3 e5 2. Bb2 Nc6 3. e3 Nf6 4. Bb5 Bd6 5. Na3 Be7 6. Bxc6 dxc6 7. c4 e4 8. Ne2 Be6 9. Ng3 Qd3 10. Nc2 O-O-O 11.
Nd4 c5 12. Nde2 Rhe8 13. Nf4 Qd7 14. Qc2 Bf5 15. O-O-O h6 16. Nxf5 Qxf5 17. f3 Bd6 18.
Ne2 Qe6 19. f4 h5 20. Rhf1 Qf5 21. Ng3 Qg4 22. Bxf6 gxf6 23. Nxe4 Qxg2 24. Nxf6 Re6 25. Nxh5 Qxh2 26. Qf5 Kb8 27. Qxf7 Re7 28. Qf5 Qg2 29.
Nf6 Qc6 30. Nd5 Red7 31. Rh1 Qa6 32. Kb1 b5 33. Qd3 Bf8 34. Qe2 Qb7 35. Nc3 bxc4 36.
Qxc4 Ka8 37. Qe4 c6 38. Rh2 Bg7 39. Qc4 Rd3 40. Rh7 Rxc3 41. dxc3 Rxd1+ 42. Kc2 Rd8 43. Qe6 Qd7 44. Qxd7 Rxd7 45. e4 Kb7 46. e5 Kc7 47. e6 Re7 48. f5 Kd6 49. Kd3 Bf6 50. Rh6 Ke5 51. Rh5 Rg7 52. Kc4 Rg2 53. Rh7 Kxf5 54.
e7 Re2 55. Kxc5 Bxe7+ 56. Kxc6 Bf6 57. Rxa7 Bxc3 58. Kc5 Be5 59. b4 Ke4 60. Kb5 Rb2 61. a3 Kd5 62. Rh7 Bd6 63. Rh5+ Ke6 64. Rh7 Kd5 65.
Rh3 Ra2 66. Rd3+ Ke6 67. a4 Rb2 68. Rd4 Kd7 69. a5 Kc7 70. Rc4+ Kb8 71. Rd4 Rxb4+ 72. Rxb4 Bxb4 73. Kxb4 Ka7 1/2-1/2

[Event "*** Titled Tuesday 3|2 Blitz"]
[Site "Chess.com"]
[Date "2016.06.07"]
[Round "8"]
[White "NewBornNow"]
[Black "Bigfish1995"]
[Result "0-1"]
[WhiteElo "2567"]
[BlackElo "2620"]
[TimeControl "180+2"]
[EndTime "12:41:54 PDT"]
[Termination "Bigfish1995 won by resignation"]

1. e4 c6 2. d4 d5 3. e5 Bf5 4.
Nf3 e6 5. Be2 h6 6. O-O Nd7 7.
Nbd2 Ne7 8. Nb3 Bh7 9. a4 a5 10. Bd2 Ng6 11. Qe1 b6 12. c4 dxc4 13. Bxc4 Be7 14. Qe2 O-O 15. Bd3 Rc8 16. Rfd1 Re8 17. Rac1 Bf8 18. Be4 Ne7 19. Bc3 Nd5 20. Nbd2 Bxe4 21.
Nxe4 Qc7 22. Nfd2 Red8 23. Nc4 Rb8 24. Qf3 f5 25. exf6 N7xf6 26. Nxf6+ Nxf6 27. d5 cxd5 28. Be5 Qb7 29. Bxb8 Qxb8 30. Na3 Bc5 31. Re1 Rf8 32. Qh3 Ne4 33. Qxe6+ Kh8 34. Rxe4 Bxf2+ 35. Kh1 dxe4 36.
Qxe4 Bc5 37. Nc4 Rf4 38. Qd3 Rd4 39. Qe2 Qf4 40. Rf1 Qe4 41. Qxe4 Rxe4 42. b3 Rd4 43. g3 Rd3 44. Rb1 g5 45. Kg2 Kg7 46.
Ne5 Rc3 47. Nc4 Kf6 48. h3 Kf5 49. Rf1+ Ke4 50. Re1+ Kd3 51. Re6 Rxb3 52. Ne5+ Kd4 53. Nd7 Rb4 54. Rxh6 Rxa4 55. Nxb6 Ra3 56. h4 g4 57. h5 Ra2+ 58. Kf1 Ke3 59. Rf6 Bd4 60. Re6+ Kf3 61. Ke1 Kxg3 62. h6 Kf3 63. Nc4 g3 64. Nd2+ Rxd2 65. Kxd2 g2 66. Rg6 Be3+ 67. Kc3 Bxh6 68. Kc4 Bd2 69. Kb5 Be1 70. Rf6+ Kg4 71.
Rg6+ Kh3 72. Rh6+ Bh4 73. Rg6 Bg3 74. Rh6+ Kg4 75. Rg6+ Kf4 76. Rf6+ Ke5 0-1

[Event "*** Titled Tuesday 3|2 Blitz"]
[Site "Chess.com"]
[Date "2016.06.07"]
[Round "8"]
[White "eltenedor"]
[Black "FearlessKing64"]
[Result "0-1"]
[WhiteElo "2038"]
[BlackElo "2075"]
[TimeControl "180+2"]
[EndTime "12:42:01 PDT"]
[Termination "FearlessKing64 won on time"]

1. c4 Nf6 2. g3 d5 3. cxd5 Nxd5 4.
Bg2 c5 5. Nc3 Nc7 6. Nf3 Nc6 7. d3 e5 8. Nd2 Bd7 9. O-O Be7 10. Nc4 f6 11. f4 exf4 12. Bxf4 O-O 13. Nd6 b6 14. Nd5 Ne6 15. Nxe7+ Qxe7 16. Nf5 Qe8 17. Bd6 Rf7 18. Bd5 Rd8 19. e3 Bc8 20. Qg4 Kh8 21. Qe4 Nb4 22. Bb3 Ng5 23. Qxe8+ Rxe8 24. h4 Bxf5 25. Rxf5 Rd7 26. Ba4 Red8 27. Bxd7 Rxd7 28. hxg5 Rxd6 29. gxf6 gxf6 30. d4 cxd4 31. exd4 Kg7 32. a3 Nc2 33. Rd1 Ne3 34. Rff1 Nxd1 35. Rxd1 Kg6 36. Kf2 Kg5 37. Kf3 f5 38. d5 h5 39. b4 b5 40. Rd4 a6 41. Ke3 Kf6 42.
Kf4 Rd8 43. d6 Ke6 44. d7 Kf6 45. Rd6+ Ke7 46. Rd5 Ke6 47. Re5+ Kd6 48. Rxf5 Rxd7 49. Rf6+ Kd5 50. Rxa6 Rg7 51. Rh6 Rg4+ 52. Kf3 Rg5 53. Kf4 Rg4+ 54. Kf3 Rg5 55. Rh8 Kc4 56. Re8 Rf5+ 57.
Ke4 Rg5 58. Kf4 Rg4+ 59. Kf3 Rg5 60. Re4+ Kb3 61. Re3+ Ka4 62. Kf4 Rd5 63. Ke4 Rg5 64. Kd4 h4 65. gxh4 Rg4+ 66. Kc5 Rxh4 0-1

[Event "*** Titled Tuesday 3|2 Blitz"]
[Site "Chess.com"]
[Date "2016.06.07"]
[Round "8"]
[White "ShimanovAlex"]
[Black "ChessWarrior7197"]
[Result "1/2-1/2"]
[WhiteElo "2641"]
[BlackElo "2524"]
[TimeControl "180+2"]
[EndTime "12:42:29 PDT"]
[Termination "Game drawn by agreement"]

1. d4 Nf6 2. Nf3 e6 3. Bf4 d5 4. e3 Bd6 5. Bg3 c5 6. Nbd2 Nc6 7. c3 O-O 8. Bd3 b6 9. Qe2 Bb7 10. Rd1 Qc7 11. e4 dxe4 12. Nxe4 Nxe4 13. Qxe4 g6 14. Qh4 Kg7 15. dxc5 Bxg3 16. hxg3 h5 17. g4 Ne5 18. Nxe5 Qxe5+ 19. Kf1 Rad8 20. gxh5 g5 21. Qg4 bxc5 22. h6+ Kh8 23. Rh3 f5 24. Qe2 Qxe2+ 25. Bxe2 Rxd1+ 26. Bxd1 Rd8 27. Be2 Kh7 28. Rd3 Rxd3 29.
Bxd3 Kxh6 30. g3 Kg7 31. f4 gxf4 32. gxf4 Kf6 33. Kf2 e5 34. Ke3 Ke6 35. a3 Bc6 36. b4 cxb4 37. axb4 Bb7 38. Bc4+ Bd5 39. Ba6 exf4+ 40. Kxf4 Be4 41. Bc4+ Kd6 42. Bf7 Bd5 43. Bg6 Be6 44. Bh5 Kd5 45. Be2 Kd6 46. Bf3 Kc7 47. Ke5 Bd7 48. c4 Bc8 49. c5 Bd7 50. Be2 Kc6 51.
Kd4 Kc7 52. Ba6 Bc6 53. Ke5 Bd7 54. Bd3 Kc6 55. Kd4 Kc7 56. b5 Bc8 57. Ke5 Bd7 58. Kd5 Bc8 59. Kd4 Bd7 60. Ke5 f4 61. Kxf4 Be6 62.
Ke5 Bb3 63. Kd4 Bd1 64. Bc4 Bf3 65. Kc3 Kb7 66. Kd4 Kc7 67. Kc3 Kb7 68. Kb4 Kc7 69. Ka5 Kb7 70. Bf7 Bg2 71. Be8 Bf3 72. Kb4 Kc7 73.
Bf7 Bg2 74. Kc4 Bf1+ 75. Kb4 Bg2 76. Bc4 Bf3 77. Kc3 Bg2 78. Kd4 Bf3 79. Ke3 Bg2 80. Bd3 Bd5 81. Kd4 Bg2 82. Kc3 Bf3 83. Kb4 Bg2 84. Ka5 Kb7 85. Bc4 Bf3 86. Bf7 Bg2 87. Be8 Bf3 88. c6+ Kc7 89. Ka6 Be2 90.
Bf7 Bd3 91. Bb3 Be4 92. Ba4 Kb8 93. Bb3 Bf3 94. Ka5 Kc7 95. Ba4 Kb8 96. Kb4 Be4 97. Kc5 Kc7 98. Bb3 Bf3 99. Bd5 Be2 100. Bc4 Bf3 101. Kb4 Bxc6 102. bxc6 Kxc6 103. Ba6 Kb6 1/2-1/2

[Event "*** Titled Tuesday 3|2 Blitz"]
[Site "Chess.com"]
[Date "2016.06.07"]
[Round "8"]
[White "Grootneus"]
[Black "SCIM"]
[Result "1/2-1/2"]
[WhiteElo "2098"]
[BlackElo "2276"]
[TimeControl "180+2"]
[EndTime "12:42:30 PDT"]
[Termination "Game drawn - insufficient material"]

1. e4 c5 2. c3 Nf6 3. e5 Nd5 4. Nf3 e6 5. Bc4 d6 6. d4 cxd4 7. cxd4 Be7 8. O-O O-O 9. Qe2 b6 10. Nc3 Nxc3 11. bxc3 Bb7 12. Bd3 Nd7 13. Re1 Qc7 14.
Bd2 Rfe8 15. Ng5 Bxg5 16. Bxg5 dxe5 17. dxe5 h6 18. Bd2 Rad8 19. Bxh6 Nxe5 20. Bc2 gxh6 21.
Qxe5 Qxe5 22. Rxe5 Rd2 23. Be4 Re2 24. Bh7+ Kxh7 25.
Rxe2 Rd8 26. f3 Rd3 27. Rc1 Rd5 28. Kf2 Kg7 29. Rcc2 Rc5 30. Red2 Bd5 31. a3 Bb3 32. Rc1 Ra5 33. c4 Rxa3 34. Rc3 a5 35. c5 bxc5 36. Rxc5 a4 37. Kg3 Ra1 38. Rd7 Re1 39. Rcc7 e5 40. Ra7 Re2 41. Rdc7 h5 42. h4 Kg6 43. Rc5 Re1 44. Raa5 f6 45. Rc6 e4 46. fxe4 Rxe4 47.
Raa6 Rg4+ 48. Kf2 Rf4+ 49. Ke3 Rf5 50. g3 Rf1 51. Ke2 Rf5 52. Ke3 Bd5 53. Rd6 Rf3+ 54. Ke2 Bb7 55. Rxa4 Rxg3 56. Rf4 Rg4 57. Rdxf6+ Kh7 58.
Rxg4 hxg4 59. Kf2 Bf3 60. Rb6 Kg7 61. Kg3 Kh7 62. Kf4 Kg7 63. Kg5 Kh7 64. h5 Kg7 65.
Ra6 Be2 66. Ra7+ Kg8 67. h6 g3 68. Ra2 Bf3 69. Kf4 g2 70. Ra1 Be2 71. Kg3 Bf1 72.
Kf2 Kh7 73. Rxf1 gxf1=Q+ 74. Kxf1 Kxh6 1/2-1/2

[Event "*** Titled Tuesday 3|2 Blitz"]
[Site "Chess.com"]
[Date "2016.06.07"]
[Round "8"]
[White "viktorskliarov"]
[Black "GianmarcoVaR"]
[Result "1/2-1/2"]
[WhiteElo "2351"]
[BlackElo "2332"]
[TimeControl "180+2"]
[EndTime "12:44:25 PDT"]
[Termination "Game drawn - insufficient material"]

1. e4 c5 2. Nf3 d6 3. d4 cxd4 4. Qxd4 Nf6 5. Nc3 a6 6. Be3 Nc6 7. Qd2 e6 8. O-O-O Qc7 9. Bf4 Ng4 10. h3 Nge5 11. Nxe5 dxe5 12. Bh2 Bb4 13. a3 Be7 14. f4 O-O 15. g4 Rd8 16. Bd3 exf4 17. Bxf4 Bd6 18.
Bxd6 Qxd6 19. e5 Qxe5 20. Rhe1 Qa5 21. Qf4 Bd7 22. Ne4 Be8 23. Ng5 h6 24. Nf3 Rd5 25. Qe4 g6 26. Qf4 Kg7 27. Be4 Rxd1+ 28. Rxd1 Rd8 29.
Rf1 f5 30. gxf5 exf5 31. Bd3 Qc5 32. Kb1 Qd6 33. Qh4 g5 34. Nxg5 hxg5 35. Qxg5+ Qg6 36. Qe3 Rxd3 37. Qxd3 Kh7 38. Rxf5 Qg1+ 39. Rf1+ Qg6 40.
Qxg6+ Bxg6 41. Kc1 Nd4 42. c3 Nb3+ 43. Kd1 Kg7 44. Rf4 Bf7 45. Kc2 Nc5 46. b4 Bg6+ 47.
Kd2 Ne4+ 48. Kc2 Nf2+ 49. Kb3 Nxh3 50. Rd4 Bf7+ 51. Ka4 Kf6 52. c4 Ng5 53. c5 Ne6 54. Rd6 Ke7 55. Ka5 Be8 56. Kb6 Nd8 57. Rh6 Bc6 58. Rh7+ Ke8 59. Kc7 Ne6+ 60. Kd6 Nd4 61.
a4 Nf5+ 62. Ke5 Ne7 63. Kf6 Nd5+ 64. Ke5 Nxb4 65. a5 Nd3+ 66. Kd6 Nb4 67. Rc7 Kd8 68. Rh7 Ke8 69. Rg7 Kf8 70. Rc7 Ke8 71. Rh7 Nd3 72. Rh4 Nf2 73. Kc7 Ne4 74. Kb6 Nf6 75. Kc7 Ke7 76. Rh6 Ke6 77. Kb6 Ke5 78. Rh2 Nd7+ 79. Kc7 Nxc5 80. Rc2 Kd5 81. Kb6 Na4+ 82. Ka7 Nc5 83.
Kb6 Nd7+ 84. Kc7 Ne5 85. Rb2 Nd3 86. Rb6 Nc5 87. Rb1 Kc4 88. Kb6 Nb3 89. Rg1 Nd2 90. Rc1+ Kd5 91. Rd1 Kc4 92. Rxd2 Kb4 93. Rd4+ Kc3 94.
Kc5 Kb3 95. Rb4+ Ka3 96. Rf4 Bg2 97. Kb6 Bc6 98. Rc4 Bh1 99. Rc8 Kb4 100. Ra8 Bf3 101. Rxa6 bxa6 102. Kxa6 Ka4 103. Kb6 Kb4 104. a6 Ka4 105.
a7 Kb4 106. Kc7 Ka5 107. Kb8 Kb6 108. a8=Q Bxa8 1/2-1/2

[Event "*** Titled Tuesday 3|2 Blitz"]
[Site "Chess.com"]
[Date "2016.06.07"]
[Round "9"]
[White "Keaton87"]
[Black "mwpchess"]
[Result "1/2-1/2"]
[WhiteElo "2472"]
[BlackElo "2366"]
[TimeControl "180+2"]
[EndTime "12:47:18 PDT"]
[Termination "Game drawn by repetition"]

1. e4 c6 2. d4 d5 3. Nd2 dxe4 4. Nxe4 Bf5 5. Ng3 Bg6 6. h4 h6 7. Nf3 Nd7 8. h5 Bh7 9. Bd3 Bxd3 10. Qxd3 e6 11.
Bd2 Ngf6 12. O-O-O Be7 13. Qe2 O-O 14. Nf1 c5 15. g4 cxd4 16. g5 Nd5 17. gxh6 Qb6 18. Rg1 Ba3 19. Rxg7+ Kh8 20. bxa3 Nc3 21. Bxc3 dxc3 22.
Rh7+ Kg8 23. Rg7+ Kh8 24. Rh7+ Kg8 25. Rg7+ Kh8 26. Rh7+ Kg8 27. Rg7+ Kh8 28. Rh7+ Kg8 29. Rg7+ Kh8 1/2-1/2

[Event "*** Titled Tuesday 3|2 Blitz"]
[Site "Chess.com"]
[Date "2016.06.07"]
[Round "9"]
[White "iaraldinho"]
[Black "Semetey"]
[Result "0-1"]
[WhiteElo "2454"]
[BlackElo "2479"]
[TimeControl "180+2"]
[EndTime "12:48:22 PDT"]
[Termination "Semetey won by resignation"]

1. e4 c5 2. Nf3 e6 3. d4 cxd4 4.
Nxd4 a6 5. Nc3 Qc7 6. Be2 Nc6 7. Be3 Nf6 8. O-O b5 9. Nxc6 dxc6 10. a3 e5 11. f4 Bd6 12. fxe5 Bxe5 13. h3 O-O 14. Bd3 Be6 15. Qf3 Rad8 16. Rad1 c5 17. Nd5 Nxd5 18. exd5 Bxd5 19. Bxh7+ Kxh7 20. Rxd5 Rxd5 21. Qxd5 c4 22. c3 Kg8 23. Bd4 Bxd4+ 24. Qxd4 Rd8 25. Qe3 Qc6 26. Qe7 Rf8 27. Rd1 Re8 28. Rd8 Qb6+ 0-1

[Event "*** Titled Tuesday 3|2 Blitz"]
[Site "Chess.com"]
[Date "2016.06.07"]
[Round "9"]
[White "yopino"]
[Black "Usurpov"]
[Result "0-1"]
[WhiteElo "2224"]
[BlackElo "2348"]
[TimeControl "180+2"]
[EndTime "12:48:40 PDT"]
[Termination "Usurpov won by resignation"]

1. e4 c5 2. Nc3 e6 3. g3 d5 4. exd5 exd5 5. Bg2 Nf6 6. d3 d4 7. Ne4 Nxe4 8. dxe4 Be7 9. Ne2 O-O 10. O-O Nc6 11. Nf4 Re8 12. Nd5 Bf8 13. f4 Be6 14. c4 dxc3 15. bxc3 Bxd5 16. exd5 Na5 17. Qa4 c4 18. Ba3 b5 0-1

[Event "*** Titled Tuesday 3|2 Blitz"]
[Site "Chess.com"]
[Date "2016.06.07"]
[Round "9"]
[White "KamilPlichta"]
[Black "cassoulet"]
[Result "0-1"]
[WhiteElo "2362"]
[BlackElo "2343"]
[TimeControl "180+2"]
[EndTime "12:48:59 PDT"]
[Termination "cassoulet won by checkmate"]

1. e4 c5 2. b3 b6 3. Bb2 Bb7 4. Nc3 e6 5. Nf3 Nf6 6. e5 Nd5 7. Nxd5 Bxd5 8. c4 Bb7 9. d4 cxd4 10. Bd3 Bb4+ 11. Nd2 Qg5 12. Rg1 Qxe5+ 13. Qe2 Bxd2+ 14. Kxd2 Qf4+ 15. Kc2 Nc6 16. a3 O-O 17. g3 Qh6 18. Bc1 Qf6 19. h4 h6 20. Bf4 e5 21. Bd2 Rfe8 22. f3 Rac8 23. Kb2 d5 24. cxd5 Ne7 25. Qe4 g6 26. Bxh6 Bxd5 27. Qe1 Rc3 28. Bc2 Rec8 29.
Bd1 Bxf3 30. Bg5 Qe6 31. Bxe7 Bxd1 32. Qxd1 Qxe7 33. Rg2 d3 34. Rb1 Rc2+ 35. Rxc2 Rxc2+ 36. Ka1 Qxa3# 0-1

[Event "*** Titled Tuesday 3|2 Blitz"]
[Site "Chess.com"]
[Date "2016.06.07"]
[Round "9"]
[White "Malev212"]
[Black "DrHolmes13"]
[Result "1-0"]
[WhiteElo "2281"]
[BlackElo "2393"]
[TimeControl "180+2"]
[EndTime "12:49:55 PDT"]
[Termination "Malev212 won by resignation"]

1. Nf3 d6 2. g3 g6 3. Bg2 Bg7 4. d4 Nf6 5. b3 O-O 6. Bb2 c5 7. c4 Qa5+ 8. Bc3 Qb6 9. Nbd2 Bf5 10. O-O Ne4 11. Nxe4 Bxe4 12. dxc5 Qxc5 13. Bxg7 Kxg7 14. Qd4+ Qxd4 15. Nxd4 Bxg2 16. Kxg2 Nc6 17. Nb5 Rac8 18. Rfd1 a6 19. Nc3 Nb4 20. Rac1 Rfd8 21. e4 Nc6 22. f4 e5 23. Rd3 Nd4 24. Rcd1 b5 25. cxb5 axb5 26. R1d2 b4 27. Nd5 Rb8 28. Rxd4 exd4 29. Rxd4 Rb6 30. Nxb6 Rb8 31. Rxd6 Kf8 32. Nd7+ Ke7 33. Nxb8 Kxd6 34. Na6 1-0

[Event "*** Titled Tuesday 3|2 Blitz"]
[Site "Chess.com"]
[Date "2016.06.07"]
[Round "9"]
[White "Keranke"]
[Black "dretch"]
[Result "0-1"]
[WhiteElo "2574"]
[BlackElo "2609"]
[TimeControl "180+2"]
[EndTime "12:50:04 PDT"]
[Termination "dretch won by resignation"]

1. c4 c6 2. g3 d5 3. Bg2 dxc4 4. Nf3 Nd7 5. Na3 Nb6 6. Ne5 Qd4 7. Nexc4 Nxc4 8.
Qa4 Be6 9. Bxc6+ Kd8 10. Bxb7 Rb8 11. Ba6 Qd5 12. O-O Qa5 13. Qxa5+ Nxa5 14. d3 Bc8 15.
Bf4 Rb6 16. Bxc8 Kxc8 17. Rfc1+ Kb7 18. Rc7+ Ka6 19. Rc8 Nf6 20. b3 g6 21. Rac1 Bg7 22. Rxh8 Bxh8 23. Rc8 Bg7 24. Be3 Rc6 25. Ra8 Rc7 26.
b4 Nc6 0-1

[Event "*** Titled Tuesday 3|2 Blitz"]
[Site "Chess.com"]
[Date "2016.06.07"]
[Round "9"]
[White "SabinaFoisor"]
[Black "Grootneus"]
[Result "1-0"]
[WhiteElo "2219"]
[BlackElo "2090"]
[TimeControl "180+2"]
[EndTime "12:50:11 PDT"]
[Termination "SabinaFoisor won by resignation"]

1. d4 Nf6 2. c4 c5 3. d5 b5 4. cxb5 a6 5. bxa6 g6 6. Nc3 Bxa6 7. Nf3 Bg7 8. g3 d6 9. Bg2 Nbd7 10. O-O Nb6 11. Rb1 Bc4 12. Nh4 Bxa2 13. Nxa2 Rxa2 14. b4 cxb4 15. Rxb4 Ra5 16. Qb3 Nbd7 17. Bd2 O-O 18.
e4 Nc5 19. Qe3 Ra2 20. e5 Ng4 21. Rxg4 Bxe5 22. Nf5 e6 23. Nh6+ Kh8 24. Bc3 f6 25.
Bxe5 dxe5 26. Qxc5 1-0

[Event "*** Titled Tuesday 3|2 Blitz"]
[Site "Chess.com"]
[Date "2016.06.07"]
[Round "9"]
[White "viktorskliarov"]
[Black "saraswathii"]
[Result "1-0"]
[WhiteElo "2353"]
[BlackElo "1972"]
[TimeControl "180+2"]
[EndTime "12:50:15 PDT"]
[Termination "viktorskliarov won by resignation"]

1. e4 c5 2. Nf3 e6 3. d4 cxd4 4. Nxd4 Nf6 5. Nc3 Bb4 6. Qf3 Nc6 7. Nxc6 bxc6 8. e5 Nd5 9. Bd2 Qc7 10. Qg3 Kf8 11. Bd3 Nxc3 12. bxc3 Be7 13. O-O Bb7 14.
f4 f6 15. f5 Kg8 16. fxe6 dxe6 17. Bh6 Bc5+ 18. Kh1 f5 19. Bc4 Re8 20. Rxf5 Qe7 21.
Raf1 1-0

[Event "*** Titled Tuesday 3|2 Blitz"]
[Site "Chess.com"]
[Date "2016.06.07"]
[Round "9"]
[White "Yaacovn"]
[Black "severomorskij"]
[Result "0-1"]
[WhiteElo "2619"]
[BlackElo "2607"]
[TimeControl "180+2"]
[EndTime "12:50:49 PDT"]
[Termination "severomorskij won by resignation"]

1. d4 Nf6 2. Nf3 e6 3. c4 Bb4+ 4. Bd2 c5 5. g3 Qb6 6. Bg2 cxd4 7. O-O Nc6 8. Bxb4 Qxb4 9. Nxd4 Qxb2 10. Nb5 Qxa1 11. Nc7+ Ke7 12. Nxa8 Qd4 13. Qc1 Qe5 14. Nc3 b6 15. Nb5 a6 16. Nbc7 Bb7 17. Qa3+ Qc5 18. Qxc5+ bxc5 19. Nb6 Kd6 0-1

[Event "*** Titled Tuesday 3|2 Blitz"]
[Site "Chess.com"]
[Date "2016.06.07"]
[Round "9"]
[White "Zhani-Z"]
[Black "lukas_111111"]
[Result "0-1"]
[WhiteElo "2226"]
[BlackElo "2270"]
[TimeControl "180+2"]
[EndTime "12:51:02 PDT"]
[Termination "lukas_111111 won by resignation"]

1. e4 e5 2. Nf3 Nc6 3. Bc4 Bc5 4. c3 Nf6 5. d3 a6 6. Bb3 Ba7 7. O-O O-O 8. Re1 d6 9. h3 Be6 10. Nbd2 Qd7 11. Nh2 Bxb3 12. axb3 d5 13. Qf3 Rad8 14.
Ndf1 dxe4 15. dxe4 Ne8 16. Ng3 Qe6 17. b4 Ne7 18. b5 f5 19. exf5 Nxf5 20. Qg4 Bxf2+ 21.
Kxf2 Qb6+ 22. Ke2 Nxg3+ 0-1

[Event "*** Titled Tuesday 3|2 Blitz"]
[Site "Chess.com"]
[Date "2016.06.07"]
[Round "9"]
[White "Makalexa"]
[Black "jcibarra"]
[Result "0-1"]
[WhiteElo "2177"]
[BlackElo "2625"]
[TimeControl "180+2"]
[EndTime "12:51:03 PDT"]
[Termination "jcibarra won by resignation"]

1. e4 c5 2. Nf3 e6 3. d4 cxd4 4. Nxd4 a6 5. Bd3 Nf6 6. Qe2 d6 7. O-O g6 8. c4 Bg7 9. Nc3 O-O 10. Be3 Nbd7 11. f3 Qc7 12. Rac1 b6 13. b3 Bb7 14. Rfd1 Rac8 15. Qd2 Rfe8 16. Nc2 Qb8 17. Na4 Bc6 18. Qb4 Rc7 19. Nd4 Bxa4 20. Qxa4 Nc5 21. Qa3 Nxd3 22. Rxd3 d5 23. exd5 exd5 24. Bf4 dxc4 25. Bxc7 Qxc7 26. bxc4 Nh5 27. c5 Nf4 28. cxb6 Qxb6 29. Qb3 Bxd4+ 30. Kh1 Nxd3 31. Qxd3 Bf6 32. g3 Qe3 33. Qd1 Qf2 0-1

[Event "*** Titled Tuesday 3|2 Blitz"]
[Site "Chess.com"]
[Date "2016.06.07"]
[Round "9"]
[White "Bigfish1995"]
[Black "1stSecond"]
[Result "0-1"]
[WhiteElo "2611"]
[BlackElo "2584"]
[TimeControl "180+2"]
[EndTime "12:51:08 PDT"]
[Termination "1stSecond won on time"]

1. e4 Nf6 2. e5 Nd5 3. Nf3 d6 4. d4 Bg4 5. Be2 e6 6. O-O Be7 7. exd6 cxd6 8. c4 Nb6 9. Nc3 O-O 10. b3 a6 11. Be3 d5 12. c5 N6d7 13. b4 Nc6 14. a3 Bf6 15. h3 Bh5 16. g4 Bg6 17. Qd2 h6 18. Rad1 Re8 19. Rfe1 b6 20. b5 axb5 21.
Bxb5 Rc8 22. Ne5 Bxe5 23. dxe5 Ncxe5 24. Kg2 bxc5 25. f4 Nc6 26. f5 Bh7 27. fxe6 fxe6 28. Nxd5 Be4+ 29. Kg3 Bxd5 30. Bxh6 gxh6 31. Rf1 Qc7+ 32.
Kh4 Nde5 33. Rf6 Nf3+ 34. Rxf3 Bxf3 35. Rf1 Rf8 0-1

[Event "*** Titled Tuesday 3|2 Blitz"]
[Site "Chess.com"]
[Date "2016.06.07"]
[Round "9"]
[White "Rating-Schmating"]
[Black "Masterbeaterr"]
[Result "1-0"]
[WhiteElo "2201"]
[BlackElo "2312"]
[TimeControl "180+2"]
[EndTime "12:51:09 PDT"]
[Termination "Rating-Schmating won by checkmate"]

1. e4 e5 2. Nf3 Nc6 3. d4 exd4 4. Nxd4 Nf6 5. Nxc6 bxc6 6. e5 Qe7 7. Qe2 Nd5 8. c4 Ba6 9. Nd2 Nf4 10. Qe4 Ng6 11. f4 O-O-O 12. Nf3 Qb4+ 13. Kf2 Bc5+ 14. Kg3 d5 15.
Qf5+ Kb8 16. Bd2 Qa4 17. b3 Qa3 18. Bc1 Qb4 19. Bd2 Qa3 20. b4 Be3 21. Bxe3 Qxe3 22. b5 Bc8 23. Qd3 Qxf4+ 24. Kf2 Nxe5 25. Qd4 Qxd4+ 26.
Nxd4 dxc4 27. Nxc6+ Nxc6 28. bxc6 Ba6 29. Rb1+ Kc8 30.
Rb4 Rd2+ 31. Ke3 Rxa2 32. g3 Re8+ 33. Kd4 Rd2+ 34. Kc3 Ra2 35. Bh3+ Kd8 36. Rb8+ Ke7 37. Re1+ Kd6 38. Rbxe8 Ra3+ 39. Kc2 Kxc6 40. R1e5 Ra2+ 41. Kc3 Rxh2 42. Bc8 Bxc8 43. Rxc8 Rg2 44. Re7 Rxg3+ 45. Kxc4 h5 46. Rcxc7+ Kd6 47. Rcd7+ Kc6 48. Rxa7 h4 49. Ra6# 1-0

[Event "*** Titled Tuesday 3|2 Blitz"]
[Site "Chess.com"]
[Date "2016.06.07"]
[Round "9"]
[White "Fibrinogen"]
[Black "Blitzstream"]
[Result "0-1"]
[WhiteElo "2282"]
[BlackElo "2517"]
[TimeControl "180+2"]
[EndTime "12:51:13 PDT"]
[Termination "Blitzstream won by resignation"]

1. e4 d5 2. exd5 Qxd5 3. d4 Nc6 4. Nf3 Bg4 5. c3 O-O-O 6. Be2 e5 7. dxe5 Qxd1+ 8. Bxd1 Nxe5 9. Nbd2 Nd3+ 10. Kf1 Nf6 11.
h3 Bh5 12. g4 Bc5 13. gxh5 Nxf2 14. Kg2 Nxh1 15. Kxh1 Rhe8 16. h6 gxh6 17. Bc2 Re2 18. Bf5+ Kb8 19. b4 Be3 20. Nf1 Rd1 21. Bb2 Rxa1 22.
Bxa1 Rf2 23. N3h2 Bf4 24. Bd3 Rxa2 25. Kg1 Bxh2+ 26. Nxh2 Rxa1+ 27. Kg2 Nd5 0-1